 Dungeon Crawl Stone Soup version 0.30-a0-583-g19bae12e61 (webtiles) character file.

Game seed: 9883448205263608596

91 Oki the Cutter (level 4, -1/43 HPs)
             Began as a Kobold Berserker on Jan 1, 2023.
             Was a Follower of Trog.
             Slain by wpisznazwe's ghost (4 damage)
             ... on level 3 of the Dungeon.
             The game lasted 00:04:54 (3352 turns).

Oki the Cutter (Kobold Berserker)                   Turns: 3352, Time: 00:04:54

Health: -1/43      AC:  6    Str: 16    XL:     4   Next: 87%
Magic:  4/4        EV:  7    Int:  8    God:    Trog [*.....]
Gold:   260        SH:  0    Dex: 14    Spells: 3/3 levels left

rFire   . . .      SeeInvis .    a - +0 short sword
rCold   . . .      Faith    +    (no shield)
rNeg    . . .      Spirit   .    n - +0 ring mail
rPois   .          Reflect  .    (no helmet)
rElec   .          Harm     .    (no cloak)
rCorr   .          Rampage  .    (no gloves)
Will    .....                    j - +0 pair of boots Stlth
                                 l - amulet of faith
HPRegen 0.27/turn                (no ring)
MPRegen 0.09/turn                (no ring)

@: berserking, lethally poisoned (-1 -> -11), petrifying
A: small, no large weapons, nightstalker 3
a: Renounce Religion, Berserk


You were on level 3 of the Dungeon.
You worshipped Trog.
Trog was aware of your devotion.
You visited 1 branch of the dungeon, and saw 3 of its levels.

You collected 260 gold pieces.

Inventory:

Hand Weapons
 a - a +0 short sword (weapon)
Armour
 j - a +0 pair of boots (worn)
 n - a +0 ring mail (worn)
Jewellery
 l - an amulet of faith (around neck)
Scrolls
 f - a scroll of poison {unknown}
 i - a scroll of immolation {unknown}
 m - a scroll of magic mapping {unknown}
 o - a scroll of enchant weapon {unknown}
Potions
 b - a potion of lignification {unknown}
 c - 2 potions of berserk rage {unknown}
 d - 4 potions of curing
 e - a potion of flight
 g - a potion of ambrosia
 h - a potion of might
 k - a potion of cancellation


   Skills:
 + Level 3.7 Fighting
 * Level 5.0 Short Blades
 + Level 2.0 Armour
 + Level 3.0 Dodging
 * Level 3.0 Stealth


You had 3 spell levels left.
You didn't know any spells.
Your spell library contained the following spells:

 Spells                   Type           Power      Damage    Failure   Level
 Freeze                   Ice            0%         1d3       63%         1
 Frozen Ramparts          Ice            0%         1d1       94%         3
 Hailstorm                Conj/Ice       0%         3d3       94%         3


Dungeon Overview and Level Annotations

Branches:
Dungeon (3/15)

Altars:

Annotations:
D:3 1 transporter, wpisznazwe's ghost, weakling MfDe


Innate Abilities, Weirdness & Mutations

You are small and have problems with some larger weapons.
You are completely attuned to the shadows.


Message History

You feel sick. The gnoll misses you. The gnoll barely misses you.
The gnoll bouda gazes fiercely through you!
You feel your attacks grow feeble.
Your Stealth skill increases to level 3!
You barely miss the gnoll bouda.
You feel sick.
You hit the gnoll bouda.
The gnoll bouda is lightly wounded.
You feel sick. The gnoll closely misses you.
The gnoll hits you with a +2 halberd of venom.
You are more poisoned.
The gnoll bouda barely misses you.
You hit the gnoll bouda.
The gnoll bouda is moderately wounded.
You feel sick.
You barely miss the gnoll bouda.
The gnoll bouda is moderately wounded.
You feel sick.
The gnoll hits you from afar with a +2 halberd of chaos!
You are slowing down.
The gnoll barely misses you. The gnoll bouda barely misses you.
Wpisznazwe's ghost stares at you.
Wpisznazwe's ghost hits you but does no damage.
You hit the gnoll.
The gnoll is heavily wounded.
* * * LOW HITPOINT WARNING * * *
You feel sick.
You hit the gnoll.
The gnoll is almost dead.
Your attacks no longer feel as feeble.
* * * LOW HITPOINT WARNING * * *
You feel sick.
The gnoll hits you from afar with a +2 halberd of chaos!
* * * LOW HITPOINT WARNING * * *
The gnoll barely misses you.
The gnoll bouda barks out a call to the hunt!
The gnoll picks up the pace!
The gnoll hits you from afar with a +0 spear.
* * * LOW HITPOINT WARNING * * *
Wpisznazwe's ghost hits you!
You die...

.##.#.≈≈#8 # # 8#≈≈.#.#
###>#.≈≈#. .. .. .#≈≈.#.# #
#.#.≈≈###.## ##.###≈≈.#.# #
#.#.≈≈..#.#. .#.#..≈≈...# #
#.#.≈≈.##g#⌠.⌠#.##.≈≈...#
###.#.≈≈.#.g#...#..#.≈≈.###
^...#.≈≈.##.##.##.##.≈≈.#
....#.....#.#..g#.#..≈≈.#
##.##....©#.'.gg@.#©.~~.#
##........#.#8g8#W#..≈≈.#
##..#.≈≈.##.#####g##.≈≈.#
......≈≈.#g.#):.#..#.≈≈.#
##..#.≈≈.##.#.[.#.##.≈≈.#
##..#.≈≈.(#(#...#.#..≈≈.#
#...#.≈≈###.##' #.###≈≈.#
#.#.#.≈≈#g . . .#≈≈.#
#.#...≈≈#8 8#≈≈.#


You could see a gnoll bouda, wpisznazwe's ghost and 4 gnolls.

Vanquished Creatures
  2 gnolls
  2 adders
  A worm (D:2)
  2 dart slugs (D:1)
  2 orcs (D:3)
  6 endoplasms
  2 giant cockroaches
  A goblin (D:3)
  3 hobgoblins
  2 jackals (D:1)
  2 kobolds (D:2)
  5 quokkas
  5 ball pythons
  2 bats (D:2)
  A frilled lizard (D:1)
  A rat (D:3)
39 creatures vanquished.

Vanquished Creatures (others)
  6 plants (D:3)
6 creatures vanquished.

Grand Total: 45 creatures vanquished

Notes
Turn   | Place    | Note
-------+----------+-------------------------------------------
     0 | D:1      | Oki the Kobold Berserker began the quest for the Orb.
     0 | D:1      | Reached XP level 1. HP: 14/14 MP: 1/1
    76 | D:1      | Reached skill level 1 in Stealth
    76 | D:1      | Reached XP level 2. HP: 3/19 MP: 2/2
   757 | D:1      | Reached XP level 3. HP: 23/23 MP: 3/3
  2283 | D:2      | Reached XP level 4. HP: 28/28 MP: 4/4
  2650 | D:3      | Found a transporter.
  2653 | D:3      | Found a transporter.
  3295 | D:3      | Reached skill level 5 in Short Blades
  3337 | D:3      | Noticed wpisznazwe's ghost (weakling MfDe)
  3352 | D:3      | Slain by wpisznazwe's ghost

Illustrated notes

Levels and vault maps discovered:
D:1:      eino_arrival_cavern_a, layout_basic, serial_rivers,
          chequers_serial_rivers_micro_c, chequers_serial_rivers_small_b,
          chequers_serial_rivers_small_3, chequers_serial_rivers_micro_c,
          chequers_serial_rivers_small_b, chequers_serial_rivers_room_a
D:2:      layout_loops_ring
D:3:      layout_loops_ring, gammafunk_ghost_gnarly_gnolls

Skill      XL: |  1  2  3  4 |
---------------+-------------+-----
Stealth        | 1 2 3 |  3.0
Dodging        | 3 |  3.0
Armour         | 2 |  2.0
Short Blades   | 5 |  5.0
Fighting       | |  3.7

Action                   |  1- 3 |  4- 6 || total
-------------------------+-------+-------++-------
Melee: Short sword       |    72 |    83 ||   155
       Punch             |       |     1 ||     1
Invok: Berserk           |     1 |     2 ||     3
  Use: Scroll            |       |     3 ||     3
       Potion            |       |     2 ||     2
 Stab: Sleeping          |    18 |     3 ||    21
Armor: Ring mail         |     3 |    11 ||    14
       Animal skin       |     3 |       ||     3
Dodge: Dodged            |    41 |    35 ||    76

Table legend: (Time is in decaauts)
 A = Elapsed time spent in this place.
 B = Non-inter-level travel time spent in this place.
 C = Inter-level travel time spent in this place.
 D = Time resting spent in this place.
 E = Time spent auto-exploring this place.
 F = Levels seen in this place.
 G = Mean time per level.
                   A        B        C        D        E       F      G
               +--------+--------+--------+--------+--------+-----+--------+
         Total |   3350 |   3209 |    141 |     89 |   2768 |   3 | 1116.7 |
       Dungeon |   3350 |   3209 |    141 |     89 |   2768 |   3 | 1116.7 |
               +--------+--------+--------+--------+--------+-----+--------+

Top non-repeatable levels by time:
     D:1: 1444 daAuts
     D:2: 977 daAuts
     D:3: 928 daAuts
